 Dungeon Crawl Stone Soup version 0.26-a0-651-gb41185065b (webtiles) character file.

Game seed: 11465208799930576261

29561 Mesmaeker13 the Grappler (level 13, -18/118 HPs)
             Began as a Ghoul Monk on Oct 12, 2020.
             Was the Champion of Ru.
             Demolished by an orc warlord
             ... wielding a +0 great sword
              (26 damage)
             ... on level 1 of the Orcish Mines.
             The game lasted 00:34:35 (18318 turns).

Mesmaeker13 the Grappler (Ghoul Monk)              Turns: 18318, Time: 00:34:36

Health: -18/118    AC: 18    Str: 17    XL:     13   Next: 46%
Magic:  0/10       EV:  8    Int:  6    God:    Ru [******]
Gold:   1113       SH:  0    Dex: 19    Spells: 12/12 levels left

rFire    + . .     SeeInvis .     - Unarmed
rCold    . . .     Faith    .   (no shield)
rNeg     + + +     Spirit   +   o - +0 chain mail
rPois    ∞         Reflect  .   l - +0 helmet
rElec    .         Harm     .   v - +2 cloak {rCorr}
rCorr    +         Rampage  .   A - +1 pair of gloves {archery}
MR       .....                  (no boots)
Stlth    ..........             I - amulet of guardian spirit
HPRegen  0.00/turn              B - +6 ring of dexterity
MPRegen  0.12/turn              K - ring of fire

@: exhausted, no scrolls, heavily drained
A: rotting body, claws 1, cold resistance 1, low mp 1, negative energy
resistance 3, inhibited regeneration, torment resistance, unbreathing, inability
to read while threatened, no stealth, inability to use devices, unskilled 1
a: Draw Out Power, Power Leap, Apocalypse, Renounce Religion


You were on level 1 of the Orcish Mines.
You worshipped Ru.
Ru was exalted by your worship.
You visited 3 branches of the dungeon, and saw 15 of its levels.
You also visited: Ossuary.

You collected 1163 gold pieces.
You spent 50 gold pieces at shops.

Inventory:

Hand Weapons
 b - a +1 broad axe of flaming
 x - a +0 hand crossbow
Missiles
 d - 4 javelins (quivered)
 m - 38 poisoned darts
 N - 3 silver javelins
Armour
 l - a +0 helmet (worn)
 o - a +0 chain mail (worn)
 v - a +2 cloak of preservation (worn)
 A - a +1 pair of gloves of archery (worn)
 L - a +0 plate armour of fire resistance
Jewellery
 a - an uncursed ring of ice
 B - a +6 ring of dexterity (left hand)
 H - an uncursed ring of resist corrosion
 I - an amulet of guardian spirit (around neck)
 K - a ring of fire (right hand)
Scrolls
 c - 3 scrolls of teleportation
 e - 3 scrolls of fog
 j - 2 scrolls of fear
 k - 3 scrolls of enchant weapon
 p - 2 scrolls of blinking {unknown}
 r - 2 scrolls of immolation {unknown}
 s - a scroll of vulnerability
 u - 8 scrolls of remove curse
 y - a scroll of silence {unknown}
 G - a scroll of enchant armour {unknown}
 O - a scroll of noise
Potions
 f - 3 potions of magic
 n - 2 potions of mutation
 t - a potion of haste {unknown}
 w - 6 potions of curing
 C - 2 potions of degeneration {unknown}
 D - a potion of flight {unknown}
 E - a potion of invisibility {unknown}
 F - 3 potions of resistance
 J - 3 potions of stabbing {unknown}


   Skills:
 + Level 12.1(10.5) Fighting
 + Level 7.1(5.7) Throwing
 + Level 9.8(8.3) Armour
 - Level 3.1(1.9) Dodging
 + Level 13.3(11.7) Unarmed Combat


You had 12 spell levels left.
You didn't know any spells.
Your spell library contained the following spells:

 Spells                   Type           Power        Failure   Level
 Corona                   Hex            #......      99%         1
 Magic Dart               Conj           #...         99%         1
 Ensorcelled Hibernation  Hex/Ice        #.....       100%        2
 Searing Ray              Conj           #.....       100%        2
 Confusing Touch          Hex            #.......     100%        3
 Dazzling Flash           Conj/Hex       #.....       100%        3
 Tukima's Dance           Hex            #.......     100%        3
 Fulminant Prism          Conj/Hex       #.........   100%        4
 Iskenderun's Mystic Bla  Conj/Tloc      #.......     100%        4


Dungeon Overview and Level Annotations

Branches:
Dungeon (12/15)            Temple (1/1) D:6            Lair (0/6) D:11
    Orc (2/2) D:12            Elf (0/3) Orc:2       Ossuary (visited)

Altars:
Ashenzari
Dithmenos
Elyvilon
Fedhas
Gozag
Hepliaklqana
Kikubaaqudgha
Makhleb
Nemelex Xobeh
Okawaru
Ru
Sif Muna
Trog
Uskayaw
Vehumet
Wu Jian
Xom
Yredelemnul
Zin
The Shining One
Beogh

Shops:
D:4 [   D:7 }(*}*   D:8 *   D:9 :(:(?   Orc:2 *[=:(

Annotations:
D:4 3 runed translucent doors, Azzok's ghost, amateur DsFi; Lanoc's ghost, amateur KoBe; Lanoc's ghost, amateur MiAE; PanSaczeczos's ghost, novice TrEE
D:6 2 transporters, catramo's ghost, novice GnWn
D:12 Azrael


Innate Abilities, Weirdness & Mutations

Your body is rotting away.
You thrive by killing the living.
You are immune to poison.
You have sharp fingernails.
Your flesh is cold resistant. (rC+)
Your magical capacity is low. (-10% MP)
You are immune to negative energy. (rN+++)
You do not regenerate when monsters are visible.
You are immune to unholy pain and torment.
You can survive without breathing.
You cannot read scrolls while threatened.
You cannot be stealthy.
You cannot study or use magical devices.
You are somewhat unskilled. (-1 Apt)


Message History

The orc warlord hits you with a +0 great sword.
You hit the orc warlord.
You punch the orc warlord, but do no damage.
The orc warlord is severely wounded.
Your chain mail prevents you from hitting the orc warlord.
The orc warlord is severely wounded.
The orc warlord hits you with a +0 great sword!!
You feel threatened and lose the ability to read scrolls!
* * * LOW HITPOINT WARNING * * *
You focus your will and blind the orc warlord in retribution!
You hit the orc warlord. Your punch misses the orc warlord.
The orc warlord is severely wounded.
You hit the orc warlord but do no damage.
The orc warlord is severely wounded.
The orc warlord hits you with a +0 great sword!!
* * * LOW HITPOINT WARNING * * *
You barely miss the orc warlord.
The orc warlord is severely wounded.
The orc warlord hits you with a +0 great sword!!
You die...

### ### #.# #.## ###.### ##..#
##.....## ##..#### ##>......#
##......##
##........###........##
##.........#.#...#.....##
##.....#.....^...###.....##
##......###...o@..# #...##.##
#.......####.....## ##...##.#
####....##........###.....#####
##...##....#[........### #.##
#....#...##.........# ##..#
##.......####))[...#####....
##......#####[....###......
##...####.#.......#.......
##.####.....#..#####.....


You could see an orc warlord (blind).

Vanquished Creatures
  An orc warlord (Orc:1)
  A hydra (D:12)
  2 two-headed ogres
  3 orc high priests (Orc:2)
  Sonja (D:12)
  A flayed ghost (D:8)
  2 unseen horrors
  Pikel (D:7)
  2 orc knights
  3 orc sorcerers (Orc:2)
  3 cyclopes (D:12)
  Joseph (D:9)
  A gargoyle (D:10)
  A hornet (D:8)
  6 slime creatures (D:12)
  6 trolls
  A hippogriff (D:8)
  3 shadows (D:8)
  3 wyverns
  A vampire (D:11)
  5 wraiths
  A fire elemental (D:12)
  8 yaks
  10 fire bats (D:8)
  5 wargs
  Menkaure (D:5)
  4 vampire mosquitoes (D:12)
  2 hell hounds (D:12)
  A water moccasin (D:9)
  28 orc warriors
  An eye of draining (D:9)
  3 phantoms
  2 black bears (D:10)
  An ice beast (D:5)
  4 sky beasts
  A necrophage (D:7)
  2 wolves (D:11)
  3 centaurs
  A lemure (D:7)
  12 ogres
  2 big kobolds (D:7)
  A crocodile (D:12)
  7 bullfrogs
  A wyvern skeleton (D:11)
  3 scorpions
  5 killer bees (D:12)
  An electric eel (D:11)
  9 wights
  A centaur zombie (D:5)
  2 jellies
  16 hounds
  11 orc priests
  A centaur skeleton (D:10)
  An iguana (D:12)
  Ijyb (D:3)
  Jessica (D:2)
  12 orc wizards
  5 worker ants
  A hound skeleton (D:8)
  A howler monkey zombie (D:6)
  A worker ant zombie (D:7)
  7 gnolls
  13 adders
  3 river rats (D:6)
  3 shadow imps
  2 white imps
  3 ufetubi
  4 oozes
  3 adder zombies
  An adder skeleton (D:6)
  4 worms
  8 leopard geckos
  51 orcs
  2 ball pythons
  8 giant cockroaches
  3 goblins
  7 hobgoblins
  19 jackals
  16 kobolds
  3 quokkas
  A ball python skeleton (Ossuary)
  74 bats
  8 frilled lizards
  2 hobgoblin skeletons (Ossuary)
  A hobgoblin zombie (Ossuary)
  A kobold zombie (Ossuary)
  A leopard gecko skeleton (D:5)
  An orc skeleton (Ossuary)
  2 orc zombies (Ossuary)
  A quokka skeleton (D:4)
  9 rats
482 creatures vanquished.

Vanquished Creatures (others)
  An unseen horror (D:12)
  A troll (Orc:1)
  A hippogriff (D:12)
  A warg (Orc:2)
  An ogre (Orc:2)
  An orc (D:10)
  A quokka (D:8)
  11 fungi (Orc:2)
  A plant (D:3)
  7 withered plants (D:8)
26 creatures vanquished.

Grand Total: 508 creatures vanquished

Notes
Turn   | Place    | Note
-------+----------+-------------------------------------------
     0 | D:1      | Mesmaeker13 the Ghoul Monk began the quest for the Orb.
     0 | D:1      | Reached XP level 1. HP: 19/19 MP: 0/0
    55 | D:1      | Reached XP level 2. HP: 26/26 MP: 1/1
   516 | D:1      | Reached XP level 3. HP: 33/33 MP: 2/2
   807 | D:2      | Found a shadowy altar of Dithmenos.
   807 | D:2      | Found a blossoming altar of Fedhas.
   844 | D:2      | Found a sparkling altar of Nemelex Xobeh.
   938 | D:2      | Noticed Jessica
   947 | D:2      | Reached skill level 4 in Unarmed Combat
   958 | D:2      | Killed Jessica
   958 | D:2      | Reached XP level 4. HP: 31/40 MP: 3/3
  1427 | D:2      | Found a glowing golden altar of the Shining One.
  1485 | D:3      | Noticed Ijyb
  1514 | D:3      | Killed Ijyb
  1514 | D:3      | Reached XP level 5. HP: 27/47 MP: 4/4
  1824 | D:3      | Reached skill level 1 in Armour
  2557 | D:4      | Found a runed translucent gate.
  2557 | D:4      | Found a runed translucent gate.
  2557 | D:4      | Found a runed translucent gate.
  2557 | D:4      | Noticed Lanoc's ghost (amateur MiAE)
  2564 | D:4      | Found a hazy altar of Hepliaklqana.
  2586 | D:4      | Found an ornate altar of the Wu Jian Council.
  2876 | D:4      | Noticed PanSaczeczos's ghost (novice TrEE)
  2877 | D:4      | Noticed Lanoc's ghost (amateur KoBe)
  2878 | D:4      | Noticed Azzok's ghost (amateur DsFi)
  2895 | D:4      | Found Laihuav's Armour Shop.
  2940 | D:4      | Found a basalt altar of Yredelemnul.
  2964 | D:4      | Reached skill level 5 in Fighting
  2964 | D:4      | Reached XP level 6. HP: 52/56 MP: 5/5
  2970 | D:4      | Reached skill level 5 in Unarmed Combat
  3269 | D:5      | Entered Level 5 of the Dungeon
  3282 | D:5      | Noticed an ice beast
  3295 | D:5      | Killed an ice beast
  3381 | D:5      | Noticed Menkaure
  3392 | D:5      | Killed Menkaure
  3392 | D:5      | Reached XP level 7. HP: 48/62 MP: 6/6
  3565 | D:5      | Noticed an angel
  3566 | D:5      | Found a shimmering altar of Xom.
  3566 | D:5      | Found a glowing silver altar of Zin.
  3897 | D:5      | Reached skill level 6 in Unarmed Combat
  4281 | D:6      | Found a staircase to the Ecumenical Temple.
  4540 | D:6      | Reached XP level 8. HP: 52/71 MP: 7/7
  4880 | D:6      | Found a sand-covered staircase.
  4889 | Ossuary  | Entered an ossuary
  4985 | Ossuary  | Noticed a flying skull
  4985 | Ossuary  | Noticed a wraith
  4996 | Ossuary  | Noticed a flying skull
  5019 | Ossuary  | Noticed a flying skull
  5026 | Ossuary  | Noticed a wraith
  5064 | Ossuary  | Killed a wraith
  5305 | Ossuary  | Reached skill level 7 in Unarmed Combat
  5319 | Ossuary  | Noticed a wraith
  5320 | Ossuary  | Reached skill level 11 in Unarmed Combat
  5320 | Ossuary  | Reached XP level 9. HP: 85/85 MP: 8/8
  5785 | D:6      | Found a transporter.
  5787 | D:6      | Noticed catramo's ghost (novice GnWn)
  5788 | D:6      | Identified the +9 dire flail "Stringbean" {vorpal, rElec
                  | rPois rF+}
  5788 | D:6      | Identified the +11 great mace of the Median {flame, MR+
                  | Dex+2}
  5788 | D:6      | Noticed a two-headed ogre
  5791 | D:6      | Found a transporter.
  6053 | Temple   | Entered the Ecumenical Temple
  6061 | Temple   | Became a worshipper of Ru the Awakened
  6073 | D:6      | Gained mutation: You are somewhat unskilled. (-1 Apt) [Ru
                  | sacrifice]
  6073 | D:6      | Reduced skill Unarmed Combat to level 10
  6073 | D:6      | Reached * piety under Ru
  6169 | D:7      | Found a white marble altar of Elyvilon.
  6169 | D:7      | Found Durghol's Hallowed Reliquary.
  6169 | D:7      | Noticed an angel
  6327 | D:7      | Found Suecs's General Store.
  6340 | D:7      | Bought a potion of heal wounds for 50 gold pieces
  6346 | D:7      | Found Duelorgh's Antique Weapon Emporium.
  6350 | D:7      | Found Wuqevyng's Gadget Emporium.
  6407 | D:7      | Noticed Pikel
  6429 | D:7      | Killed Pikel
  6429 | D:7      | Reached skill level 1 in Throwing
  6429 | D:7      | Reached skill level 11 in Unarmed Combat
  6429 | D:7      | Reached XP level 10. HP: 83/91 MP: 9/9
  6626 | D:7      | Found Quudeeb's Gadget Boutique.
  6880 | D:8      | Found an opulent altar of Gozag.
  6883 | D:8      | Found Gozag's Platinum Reserve.
  6982 | D:8      | Found a hazy altar of Hepliaklqana.
  8086 | D:8      | Found a runed translucent door.
  8094 | D:8      | Found a burning altar of Makhleb.
  8103 | D:8      | Gained mutation: Your magical capacity is low. (-10% MP)
                  | [Ru sacrifice]
  8103 | D:8      | Reached ** piety under Ru
  8106 | D:8      | Found a sparkling altar of Nemelex Xobeh.
  8219 | D:8      | Reached XP level 11. HP: 99/99 MP: 8/8
  8221 | D:8      | Found a hide-covered altar of Uskayaw.
  8251 | D:8      | Found an iron altar of Okawaru.
  8271 | D:8      | Found a shimmering blue altar of Sif Muna.
  8380 | D:8      | Noticed a flayed ghost
  8384 | D:8      | Reached skill level 10 in Fighting
  8412 | D:8      | Killed a flayed ghost
  8757 | D:8      | Found a white marble altar of Elyvilon.
  8774 | D:8      | Found an ancient bone altar of Kikubaaqudgha.
  8860 | D:8      | Found a radiant altar of Vehumet.
  9236 | D:9      | Found Qerogo's Book Boutique.
  9405 | D:9      | Found Vafal's Weapon Boutique.
  9407 | D:9      | Noticed Joseph
  9422 | D:9      | Killed Joseph
  9503 | D:9      | Found a burning altar of Makhleb.
  9509 | D:9      | Found Maes's Antique Weapon Emporium.
  9628 | D:9      | Found Dior's Book Boutique.
  9763 | D:9      | Found Lueck's Magic Scroll Shop.
  9878 | D:9      | Gained mutation: You cannot read scrolls while threatened.
                  | [Ru sacrifice]
  9878 | D:9      | Reached *** piety under Ru
  9910 | D:10     | Entered Level 10 of the Dungeon
  9910 | D:10     | Noticed a two-headed ogre
  9926 | D:9      | Killed a two-headed ogre
 10639 | D:10     | Reached skill level 12 in Unarmed Combat
 10745 | D:10     | Killed an unseen horror
 11418 | D:11     | Killed an unseen horror
 11418 | D:11     | Reached XP level 12. HP: 94/108 MP: 7/9
 11522 | D:11     | Reached skill level 5 in Throwing
 11855 | D:11     | Found a staircase to the Lair.
 12050 | D:11     | Noticed a seven-headed hydra
 12748 | D:12     | Found a staircase to the Orcish Mines.
 12823 | D:12     | Gained mutation: You cannot study or use magical devices.
                  | [Ru sacrifice]
 12823 | D:12     | Reached **** piety under Ru
 12823 | D:12     | Reached ***** piety under Ru
 13304 | D:12     | Noticed Sonja
 13320 | D:12     | Killed Sonja
 14085 | D:12     | Noticed Azrael
 14139 | D:12     | Killed a seven-headed hydra
 14429 | Orc:1    | Entered Level 1 of the Orcish Mines
 14593 | Orc:1    | Noticed a two-headed ogre
 14605 | Orc:1    | Killed a two-headed ogre
 15088 | Orc:2    | Entered Level 2 of the Orcish Mines
 15090 | Orc:2    | Found a staircase to the Elven Halls.
 15135 | Orc:2    | Noticed an orc high priest
 15147 | Orc:2    | Killed an orc high priest
 15195 | Orc:2    | Noticed an orc warlord
 15231 | Orc:1    | Killed an orc warlord
 15231 | Orc:1    | Reached skill level 13 in Unarmed Combat
 15231 | Orc:1    | Reached XP level 13. HP: 44/117 MP: 5/10
 16374 | Orc:2    | HP: 1/118 [orc warrior/boomerang (10)]
 16867 | Orc:2    | Found Xabazem's Antique Weapon Shop.
 16887 | Orc:2    | Found Canwuxtu's Book Shoppe.
 17224 | Orc:2    | Found a roughly hewn altar of Beogh.
 17269 | Orc:2    | Gained mutation: You cannot be stealthy. [Ru sacrifice]
 17269 | Orc:2    | Reached ****** piety under Ru
 17692 | Orc:2    | Found Wosum's Antique Armour Shop.
 17740 | Orc:2    | Found Oseu's Jewellery Shoppe.
 17777 | Orc:2    | Found Esakopro's General Store.
 18154 | Orc:1    | Noticed an orc warlord
 18318 | Orc:1    | Demolished by an orc warlord

Illustrated notes

Levels and vault maps discovered:
D:1:      lightli_arrival_windingriver, layout_rooms, minmay_strange_pillars,
          serial_bayou_pond_e, minmay_misc_feat_nine_boxes
D:2:      layout_rooms, nemelex_xobeh_ov_fountains_minmay,
          grunt_temple_overflow_open, st_stairs_3,
          nicolae_tso_swordbearing_angel, uniq_jessica
D:3:      cheibrodos_old_hovel, layout_basic, uniq_ijyb
D:4:      layout_basic, kennysheep_mini, old_standard_altar,
          lemuel_crystal_altar, serial_shops, nicolae_shop_window_shopping,
          gammafunk_ghost_cemetery, minmay_cupped
D:5:      layout_cave_pools, grunt_temple_overflow_order_and_chaos_1,
          uniq_menkaure
D:6:      layout_cave_pods, minmay_temple_entry_wispy,
          lightli_ossuary_entry_decrepit_ruins, lightli_sewer_entry_pipes,
          gammafunk_ghost_smash
D:7:      layout_basic, serial_shops, nicolae_shop_behind_doors, shop,
          nicolae_shop_stone, shop_statue, nicolae_good_shop, uniq_pikel
D:8:      due_megacathedral, layout_loops_ring, kiku_gazebo_garden_becter,
          elyvilon_altar_4, nicolae_gozag_zags_fifth_avenue, lemuel_round_altar
D:9:      layout_irregular_city, basic_altar, serial_shops, shop,
          nicolae_shop_trees, shop, shop_statue, nicolae_shop_trees, uniq_joseph
D:10:     layout_small_grid
D:11:     layout_cave_pods, erik_lair_island
D:12:     layout_grid_maze, orc_0_dummy, uniq_azrael, uniq_sonja
Temple:   eino_temple_lava
Orc:1:    layout_diamond_mine
Orc:2:    grunt_orc_gardens, layout_caves, grunt_orc_garden, grunt_orc_garden,
          grunt_orc_garden, grunt_orc_garden, serial_shops, shop, basic_altar

Skill      XL: |  1  2  3  4  5  6  7  8  9 10 11 12 13 |
---------------+----------------------------------------+-----
Dodging        | 3 |  3.1
Fighting       | 4 5 6 9 10 11 12 | 12.1
Unarmed Combat | 4 5 6 11 11 12 13 | 13.3
Armour         | 1 2 3 7 6 7 8 9 |  9.8
Throwing       | 1 3 4 6 7 |  7.1
Stealth        | 0 |  0.0

Action                   |  1- 3 |  4- 6 |  7- 9 | 10-12 | 13-15 || total
-------------------------+-------+-------+-------+-------+-------++-------
Melee: Unarmed           |   129 |   248 |   358 |  1077 |   248 ||  2060
       Punch             |     2 |     3 |     8 |    61 |    19 ||    93
Throw: Javelin           |       |     7 |     2 |    24 |       ||    33
       Dart              |       |       |     7 |    10 |     6 ||    23
Invok: Sacrifice Skill   |       |       |     1 |       |       ||     1
       Sacrifice Essence |       |       |       |     1 |       ||     1
       Draw Out Power    |       |       |       |     1 |     3 ||     4
       Sacrifice Words   |       |       |       |     1 |       ||     1
       Power Leap        |       |       |       |     3 |     4 ||     7
       Apocalypse        |       |       |       |     1 |     1 ||     2
       Sacrifice Artific |       |       |       |     1 |       ||     1
       Sacrifice Stealth |       |       |       |       |     1 ||     1
  Use: Scroll            |     2 |     3 |     3 |     8 |       ||    16
       Potion            |       |       |     4 |     4 |       ||     8
 Stab: Distracted        |       |       |       |     3 |     1 ||     4
       Invisible         |       |       |       |     4 |     5 ||     9
       Paralysed         |       |       |       |     2 |     3 ||     5
Armor: Robe              |     8 |       |       |       |       ||     8
       Scale mail        |    36 |    88 |   150 |    62 |       ||   336
       Leather armour    |     1 |       |       |       |       ||     1
       Chain mail        |       |       |       |   624 |    80 ||   704
Dodge: Dodged            |    86 |   125 |   148 |   450 |    67 ||   876

Table legend: (Time is in decaauts)
 A = Elapsed time spent in this place.
 B = Non-inter-level travel time spent in this place.
 C = Inter-level travel time spent in this place.
 D = Time resting spent in this place.
 E = Time spent auto-exploring this place.
 F = Levels seen in this place.
 G = Mean time per level.
                   A        B        C        D        E       F      G
               +--------+--------+--------+--------+--------+-----+--------+
         Total |  18068 |  17560 |    508 |   4788 |   8963 |  16 | 1129.2 |
       Dungeon |  13970 |  13560 |    410 |   3397 |   7187 |  12 | 1164.2 |
        Temple |     16 |      9 |      7 |      0 |      0 |   1 |   16.0 |
  Orcish Mines |   3512 |   3421 |     91 |   1135 |   1629 |   2 | 1756.0 |
       Ossuary |    568 |    568 |      0 |    256 |    146 |   1 |  568.0 |
               +--------+--------+--------+--------+--------+-----+--------+

Top non-repeatable levels by time:
    D:12: 2622 daAuts
   Orc:2: 2044 daAuts
     D:8: 1851 daAuts
   Orc:1: 1468 daAuts
     D:6: 1341 daAuts
    D:10: 1120 daAuts
     D:7: 1115 daAuts
     D:9: 1067 daAuts
     D:3: 946 daAuts
     D:5: 884 daAuts
     D:4: 843 daAuts
     D:1: 799 daAuts
    D:11: 728 daAuts
     D:2: 648 daAuts
 Ossuary: 568 daAuts
